Workbook

Sheet Guidance
B1: #VALUE!
B2: Senior Manager Mapping Template
B3: Edition: V2.1
B4: Publication date: 1st October 2024
B6: Mapping Guidance - you are here!
B7: Mapping template to reference and evidence where the professional standard is being met by the course/ participant/ qualification
B8: N.B. Examples (e.g.) are given within the LDRs to provide an overview of the knowledge and skills most relevant to the role. It is not mandatory to assess learners against 100% of the examples provided, however, sufficient coverage to ensure occupational competence on achievement must be ensured. This will be reviewed as part of the CIMSPA endorsement process.
B9: For non-regulated qualifications (CPD), where an Education Partner does not meet the full CIMSPA professional standard, it is important to note, that the Education Partner must meet a full Knowledge or Skill LDR. For example, all three sections within K1.1 would need to evidenced for that LDR to partially map to the professional standard.
B10: For further information around product development guidance, please refer to the professional standard within the professional standard library; https://www.cimspa.co.uk/education-training/professional-standards/professional-standards-library/
B11: Alternatively, please view our CIMPSA Partner Endorsement Guide;https://cimspa.co.uk/education-training/endorsement/
B13: Revision History
B14: Version | C14: Name & Role | D14: Signature & Date | E14: Reason for Change
A15: c | B15: V2.1 | C15: Aidan Riley Education Officer | D15: AR 12/09/24 | E15: Update to general formatting & implementation of conditional formating to streamline moderator feedback.
B19: E endorsements@cimspa.co.uk T 03438 360200 W www.cimspa.co.uk
B20: Chartered Institute for the Management of Sport and Physical Activity,
B21: SportPark Loughborough University, 3 Oakwood Drive, Loughborough, Leicestershire LE11 3QF
B22: Incorporated by Royal Charter Charity Registration No. 1144545

Sheet Mapping Template
E1: Education Product Title: INSERT HERE
A2: Professional Standard: Senior Manager | E2: Partner Mapping Section | J2: Moderator Feedback Section | Q2: IV Feedback Section
A3: Topic | B3: Competency | D3: Learning Outcome(s) | E3: Evidence (sign post to SOW / course specification / supporting documents) | F3: Assessment method | G3: Further comments (expand on evidence within column E) | H3: Response to moderator feedback section (second review evidence - if applicable) | J3: Score | K3: Mapping to point | L3: % mapped to section | M3: Moderator comments | N3: General feedback (first review) | O3: General feedback (second review - if applicable) | Q3: IV comments
A4: 1. Organisational Performance – delivering a long-term strategic purpose | B4: Key Management Theme 1: Service Improvement
B5: Ref | C5: Knowledge and understanding (K&U): | D5: Professional Standard Content
B6: K1.1 | C6: Strategy | D6: · Develop and implement an organisational vision, culture, and values | K6: {=IF(AND(J6:J12=1), "Fully Mapped", "Not/ Partially Mapped")} -> Not/ Partially Mapped | L6: =SUM('Workings out'!B4:B20) -> 0
D7: · Develop an understanding of change management in operations of organisations, to include: ­ Structures ­ type - public, private, and not-for-profit ­ business modelling ­ diversity ­ global perspectives ­ governance and accountability ­ the external environment ­ social technological.
D8: · Develop political awareness, legal and policy implications.
D9: · Know market strategies, changing customer demands and descriptive, diagnostic, predictive, and prescriptive analytics.
D10: · Manage complex relationships across multiple and diverse stakeholders.
D11: · Develop and implement organisational strategy and plans, including approaches to resource and supply chain management, workforce development, sustainability, taking and managing risk, monitoring and evaluation, and quality assurance.
D12: · Evaluate how to manage and respond to change in the organisation.
B13: K1.2 | C13: Innovation and change | D13: · Understand the impact of: ­ systems thinking ­ design thinking ­ knowledge management/development ­ data governance/management ­ services management. | K13: =IF(AND(J13=1), "Fully Mapped", "Not/ Partially Mapped") -> Not/ Partially Mapped
B14: K1.3 | C14: Governance | D14: · Knowledge of ethics and values based on leadership; regulatory environments, legal, health and safety and well-being compliance requirements; corporate social responsibility; risk management, environmental impact, fiduciary responsibilities, and data/information governance. | K14: {=IF(AND(J14:J17=1), "Fully Mapped", "Not/ Partially Mapped")} -> Not/ Partially Mapped
D15: · Understand competitive strategies, enterprise and risk approaches to effective decision making, and the use of data governance to implement and manage change.
D16: · Know and have an awareness of Governance systems and measures within the Sport and Physical Activity Sector.
D17: · Knows how to lead beyond area of control/authority.
B18: K1.4 | C18: Finance | D18: · Know how to evaluate financial and non-financial information. | K18: {=IF(AND(J18:J22=1), "Fully Mapped", "Not/ Partially Mapped")} -> Not/ Partially Mapped
D19: · Know financial and legal governance, and procurement strategies.
D20: · Develop financial strategies including budgets, financial management, accounting and how to provide financial reports.
D21: · Know approaches to procurement, contracting and legal requirements.
D22: · Understand micro/macro-economic principles context in an organisational setting and how this changes overtime.
B23: Ref | C23: Skills | D23: A Senior Manager must be able to:
B24: S1.1 | C24: Strategy | D24: · Deliver high performance strategies focusing on growth and sustainable outcomes. | K24: {=IF((AND(J24:J38=1)), "Fully Mapped", "Not/ Partially Mapped")} -> Not/ Partially Mapped | L24: =SUM('Workings out'!C4:C23) -> 0
D25: · Sets a clear agenda, consults, and gains support from key stakeholders.
D26: · Able to commission and/or undertake research, and critically analyse and integrate complex information.
D27: · Support the development of organisational strategy and plans.
D28: · Develop and deliver operational plans; being able to set targets and Key Performance Indicators, manage resources, and monitor and measure outcomes to establish operational effectiveness, efficiencies, and excellence.
D29: · Produce reports that clearly present information and data, using a range of interpretation and analytical processes.
D30: · Gain wide support to deliver successful outcomes.
B31: S1.2 | C31: Innovation and change | D31: · Be able to initiate and lead change in the organisation through to identifying opportunities through insight/foresight management e.g. ­ competitive analysis ­ macro trends ­ customer/user understanding.
D32: · Be able to create an environment for innovation and creativity, establishing the value of ideas and change initiatives and drives continuous improvement in service, product, or business processes.
D33: · Manage partnerships, people, and resources effectively, and measures outcomes.
D34: · Act where needed as a Sponsor, championing projects and transformation of services across organisational boundaries.
B35: S1.3 | C35: Governance | D35: · Challenge strategies and operations in terms of ethics, responsibility, sustainability, resource allocation and business continuity/risk management.
D36: · Application of principles relating to Corporate Social Responsibility, Governance, Regulatory compliance.
D37: · Drives a culture of resilience and supports development of new enterprise and opportunities.
D38: · Be able to influence, negotiate and use advocacy skills to build reputation and effective collaborations.
B39: S1.4 | C39: Finance | D39: · Implement financial strategies/management results and setting to include organisational budgets, and challenges financial assumptions underpinning strategies. | K39: {=IF((AND(J39:J43=1)), "Fully Mapped", "Not/ Partially Mapped")} -> Not/ Partially Mapped
D40: · Be accountable for decisions based on relevant information e.g. Key performance Indicators/scorecard.
D41: · Use financial data to allocate resources.
D42: · Supervise procurement, supply chain management and contracts.
D43: · Manage budgets, controlling expenditure and production of financial reports.
A44: 2. Interpersonal Excellence – leading people and developing collaborative relationships | B44: Ref | C44: K&U | D44: A Senior Manager must:
B45: K2.1 | C45: Leading and developing people | D45: · Critically evaluate how to build engagement and develop high performance, agile and collaborative cultures within a team. | K45: {=IF((AND(J45:J51=1)), "Fully Mapped", "Not/ Partially Mapped")} -> Not/ Partially Mapped | L45: =SUM('Workings out'!D4:D17) -> 0
D46: · Analyse approaches to strategic workforce planning including talent management, learning organisations, workforce design, succession planning, diversity, and inclusion.
D47: · Describe different inclusive leadership styles and models, how to develop teams and support people using coaching and mentoring approaches.
D48: · Know the importance of organisational culture, diverse nature, values and behaviours, and the benefits of developing these within an organisation.
D49: · Identify and appraise how to recruit, manage, and develop people, using inclusive talent management approaches.
D50: · Evaluate how to use HR systems and processes to ensure legal requirements, Health and Safety, and well-being needs.
D51: · Evaluate how goal setting and performance management leads to a supportive working environment.
B52: K2.2 | C52: Developing collaborative relationships | D52: · Describe large scale and inter-organisational influencing and negotiation strategies. | K52: {=IF((AND(J52:J58=1)), "Fully Mapped", "Not/ Partially Mapped")} -> Not/ Partially Mapped
D53: · Comprehend external political environment and use of diplomacy with diverse groups of internal and external stakeholders.
D54: · Analyse how to work with board and company structures.
D55: · Develop knowledge of brand and reputation management through building trust and rapport with stakeholders.
D56: · Describe approaches to stakeholder, customer, and supplier management, developing engagement, facilitating cross functional working and negotiation.
D57: · Know how to shape common purpose, as well as approaches to conflict management and dispute resolution, and evaluate their effectiveness.
D58: · Critically appraise different forms of communication and their application to different organisational environments, settings, circumstances, and contexts.
B59: Ref | C59: Skills | D59: A Senior Manager must be able to:
B60: S2.1 | C60: Leading and developing people | D60: · Recognise a variety of learning/development approaches to meet the diverse needs of a workforce. | K60: {=IF((AND(J60:J69=1)), "Fully Mapped", "Not/ Partially Mapped")} -> Not/ Partially Mapped | L60: =SUM('Workings out'!E4:E23) -> 0
D61: · Lead and influence people, building constructive working relationships across teams, using matrix management where required.
D62: · Ensure workforce skills are utilised, balancing people and technical skills and encouraging continual development.
D63: · Demonstrate organisational purpose and values through leading and developing people.
D64: · Support others to achieve by developing and supporting them through coaching and mentoring processes.
D65: · Build teams, empower, and motivate others to improve performance or achieve outcomes.
D66: · Delegate to others, provide clear guidance and monitor progress.
D67: · Demonstrate the ability to set goals and accountabilities at organisational and individual levels of responsibility.
D68: · Develop interpersonal and team working skills. Manage and chair meetings and clearly present actions and outcomes.
D69: · Apply influencing and persuading skills, to the dynamics and politics of personal interactions.
B70: S2.2 | C70: Building collaborative relationships | D70: · Manage complex relationships across multiple and diverse stakeholders. | K70: {=IF((AND(J70:J76=1)), "Fully Mapped", "Not/ Partially Mapped")} -> Not/ Partially Mapped
D71: · Recognise and exemplify strategies involved in building rapport, with ability to positively challenge.
D72: · Influence and negotiate using advocacy skills to build reputation and effective collaborations.
D73: · Effectively contribute within a team environment.
D74: · Conduct challenging conversations and give constructive feedback.
D75: · Work collaboratively with internal and external customers and suppliers.
D76: · Be able to influence, negotiate and use advocacy skills to build reputation and effective collaborations.
B77: S2.3 | C77: Engaging Employees | D77: · Demonstrates ways to articulate vision into operational strategies, demonstrating clarity in thinking and using inspirational communication. | K77: {=IF((AND(J77:J79=1)), "Fully Mapped", "Not/ Partially Mapped")} -> Not/ Partially Mapped
D78: · Creates an inclusive culture, encouraging diversity and difference.
D79: · Give and receives feedback at all levels, building confidence and developing trust, and enables people to take risks.
A80: Delivering a long-term purpose for innovation | B80: Ref | C80: K&U | D80: A Senior Manager must:
B81: K3.1 | C81: Project management | D81: · Know and review how a project moves through planning, design, development, deployment, and evaluation. | K81: {=IF((AND(J81:J83=1)), "Fully Mapped", "Not/ Partially Mapped")} -> Not/ Partially Mapped | L81: =SUM('Workings out'!F4:F11) -> 0
D82: · Understand risk management models and reporting, risk benefit analysis and Health and Safety implications.
D83: · Review the similarities and differences between: ­ Project management ­ Programme management ­ Portfolio management ­ Programmes and services.
B84: K3.2 | C84: Strategic marketing | D84: · Know how to create marketing and sales strategies. | K84: {=IF((AND(J84:J86=1)), "Fully Mapped", "Not/ Partially Mapped")} -> Not/ Partially Mapped
D85: · Know how to segment and target relevant markets and customers (global and local), analysis of opportunities and ways to market.
D86: · Understand the need for innovation in product and service design.
B87: K3.3 | C87: Digital business and innovation | D87: · Know the importance of developing strategic innovation, and data governance protocols and their impact on organisations, including risk management. | K87: {=IF((AND(J87:J88=1)), "Fully Mapped", "Not/ Partially Mapped")} -> Not/ Partially Mapped
D88: · Understand innovation and digital technology’s impact on data and knowledge management for analysing business decision-making.
B89: Ref | C89: Skills | D89: A Senior Manager must be able to:
B90: S3.1 | C90: Project management | D90: · Plan, organise and manage resources to achieve organisational goals. | K90: {=IF((AND(J90:J95=1)), "Fully Mapped", "Not/ Partially Mapped")} -> Not/ Partially Mapped | L90: =SUM('Workings out'!G4:G12) -> 0
D91: · Identify key outcomes, develop, and implement plans and monitor progress, and provide reports as required.
D92: · Proactively identify risk and create plans for their mitigation.
D93: · Be able to initiate, lead and drive change within the organisation, identifying barriers/challenges and how to overcome them.
D94: · Be able to use widely recognised project management tools.
D95: · Be able to use widely recognised tools for; ­ programme management ­ portfolio management ­ programmes and services.
B96: S3.2 | C96: Strategic marketing | D96: · Exemplify and review methods for the use of customer insight and analysis of data to determine and drive customer service outcomes and improve customer relationships. | K96: {=IF((AND(J96:J97=1)), "Fully Mapped", "Not/ Partially Mapped")} -> Not/ Partially Mapped
D97: · Create approaches to developing solutions to meet customer need.
B98: S3.3 | C98: Digital business and new technologies | D98: · Use qualitative and quantitative analysis of information and data and benchmarking against others to implement service/organisational improvements and opportunities for innovation and growth. | K98: {=IF((AND(J98:J98=1)), "Fully Mapped", "Not/ Partially Mapped")} -> Not/ Partially Mapped
A99: 4. Personal effectiveness – managing self | B99: Ref | C99: K&U | D99: A Senior Manager must:
B100: K4.1 | C100: Awareness of self and others | D100: · Know how to and the importance of self-awareness as a leader/a manager and recognise different learning and management styles within organisational settings. | K100: {=IF((AND(J100:J101=1)), "Fully Mapped", "Not/ Partially Mapped")} -> Not/ Partially Mapped | L100: =SUM('Workings out'!H4:H12) -> 0
...

Sheet Mapping results
B1: Mapping Breakdown shows a breakdown of the percentage that your course has mapped to each sections knowledge and skills criteria, and the overall percentage that your course has mapped to the professional standard
B2: Section | D2: No of Sections | E2: No of Specifications | F2: %worth of each specification | G2: Total % covered of area | H2: Section % of total standard | I2: % covered of entire standard
B3: 1 | C3: Knowledge | D3: 4 | E3: 17 | F3: =100/E3 -> 5.8823529 | G3: =SUM('Mapping Template'!L6:L22) -> 0 | H3: =(E3/E11)*100 -> 15.88785 | I3: =(H3/100)*G3 -> 0
C4: Skills | D4: 4 | E4: 20 | F4: =100/E4 -> 5 | G4: =SUM('Mapping Template'!L24:L43) -> 0 | H4: =(E4/E11)*100 -> 18.691589 | I4: =(H4/100)*G4 -> 0
B5: 2 | C5: Knowledge | D5: 2 | E5: 14 | F5: =100/E5 -> 7.1428571 | G5: =SUM('Mapping Template'!L45:L58) -> 0 | H5: =(E5/E11)*100 -> 13.084112 | I5: =(H5/100)*G5 -> 0
C6: Skills | D6: 3 | E6: 20 | F6: =100/E6 -> 5 | G6: =SUM('Mapping Template'!L60:L79) -> 0 | H6: =(E6/E11)*100 -> 18.691589 | I6: =(H6/100)*G6 -> 0
B7: 3 | C7: Knowledge | D7: 3 | E7: 8 | F7: =100/E7 -> 12.5 | G7: =SUM('Mapping Template'!L81:L88) -> 0 | H7: =(E7/E11)*100 -> 7.4766355 | I7: =(H7/100)*G7 -> 0
C8: Skills | D8: 3 | E8: 9 | F8: =100/E8 -> 11.111111 | G8: =SUM('Mapping Template'!L90:L98) -> 0 | H8: =(E8/E11)*100 -> 8.411215 | I8: =(H8/100)*G8 -> 0
B9: 4 | C9: Knowledge | D9: 3 | E9: 9 | F9: =100/E9 -> 11.111111 | G9: =SUM('Mapping Template'!L100:L108) -> 0 | H9: =(E9/E11)*100 -> 8.411215 | I9: =(H9/100)*G9 -> 0
C10: Skills | D10: 3 | E10: 10 | F10: =100/E10 -> 10 | G10: =SUM('Mapping Template'!L110:L119) -> 0 | H10: =(E10/E11)*100 -> 9.3457944 | I10: =(H10/100)*G10 -> 0
C11: Totals | D11: =SUM(D3:D10) -> 25 | E11: =SUM(E3:E10) -> 107 | H11: =SUM(H3:H10) -> 100 | I11: =SUM(I3:I10) -> 0

Sheet Feedback
A1: Standardised feedback comments | B1: Assessment methods
A2: Comprehensive evidence | B2: Assignment
A3: Sufficient evidence | B3: Case study
A4: Further evidence required | B4: Dissertation
B5: Exam
B6: Written test
B7: Listening test
B8: Oral test
B9: Performance/ practical
B10: Portfolio
B11: Professional discussion
B12: Project
B13: Simulation
B14: Online test
B15: Attendence only
B16: Multiple
B17: Other

Sheet Workings out
B1: K1 | C1: S1 | D1: K2 | E1: S2 | F1: K3 | G1: S3 | H1: K4 | I1: S4
A2: % value | B2: 5.8823529 | C2: 5 | D2: 7.1428571 | E2: 5 | F2: 12.5 | G2: 11.111111 | H2: 11.111111 | I2: 10
A3: # spec | B3: 17 | C3: 20 | D3: 14 | E3: 20 | F3: 8 | G3: 9 | H3: 9 | I3: 10
B4: =IF('Mapping Template'!$J6=1,B$2,0) -> 0 | C4: =IF('Mapping Template'!$J24=1,C$2,0) -> 0 | D4: =IF('Mapping Template'!$J45=1,D$2,0) -> 0 | E4: =IF('Mapping Template'!$J60=1,E$2,0) -> 0 | F4: =IF('Mapping Template'!$J81=1,F$2,0) -> 0 | G4: =IF('Mapping Template'!$J90=1,G$2,0) -> 0 | H4: =IF('Mapping Template'!$J100=1,H$2,0) -> 0 | I4: =IF('Mapping Template'!$J110=1,I$2,0) -> 0
B5: =IF('Mapping Template'!$J7=1,B$2,0) -> 0 | C5: =IF('Mapping Template'!$J25=1,C$2,0) -> 0 | D5: =IF('Mapping Template'!$J46=1,D$2,0) -> 0 | E5: =IF('Mapping Template'!$J61=1,E$2,0) -> 0 | F5: =IF('Mapping Template'!$J82=1,F$2,0) -> 0 | G5: =IF('Mapping Template'!$J91=1,G$2,0) -> 0 | H5: =IF('Mapping Template'!$J101=1,H$2,0) -> 0 | I5: =IF('Mapping Template'!$J111=1,I$2,0) -> 0
B6: =IF('Mapping Template'!$J8=1,B$2,0) -> 0 | C6: =IF('Mapping Template'!$J26=1,C$2,0) -> 0 | D6: =IF('Mapping Template'!$J47=1,D$2,0) -> 0 | E6: =IF('Mapping Template'!$J62=1,E$2,0) -> 0 | F6: =IF('Mapping Template'!$J83=1,F$2,0) -> 0 | G6: =IF('Mapping Template'!$J92=1,G$2,0) -> 0 | H6: =IF('Mapping Template'!$J102=1,H$2,0) -> 0 | I6: =IF('Mapping Template'!$J112=1,I$2,0) -> 0
B7: =IF('Mapping Template'!$J9=1,B$2,0) -> 0 | C7: =IF('Mapping Template'!$J27=1,C$2,0) -> 0 | D7: =IF('Mapping Template'!$J48=1,D$2,0) -> 0 | E7: =IF('Mapping Template'!$J63=1,E$2,0) -> 0 | F7: =IF('Mapping Template'!$J84=1,F$2,0) -> 0 | G7: =IF('Mapping Template'!$J93=1,G$2,0) -> 0 | H7: =IF('Mapping Template'!$J103=1,H$2,0) -> 0 | I7: =IF('Mapping Template'!$J113=1,I$2,0) -> 0
B8: =IF('Mapping Template'!$J10=1,B$2,0) -> 0 | C8: =IF('Mapping Template'!$J28=1,C$2,0) -> 0 | D8: =IF('Mapping Template'!$J49=1,D$2,0) -> 0 | E8: =IF('Mapping Template'!$J64=1,E$2,0) -> 0 | F8: =IF('Mapping Template'!$J85=1,F$2,0) -> 0 | G8: =IF('Mapping Template'!$J94=1,G$2,0) -> 0 | H8: =IF('Mapping Template'!$J104=1,H$2,0) -> 0 | I8: =IF('Mapping Template'!$J114=1,I$2,0) -> 0
B9: =IF('Mapping Template'!$J11=1,B$2,0) -> 0 | C9: =IF('Mapping Template'!$J29=1,C$2,0) -> 0 | D9: =IF('Mapping Template'!$J50=1,D$2,0) -> 0 | E9: =IF('Mapping Template'!$J65=1,E$2,0) -> 0 | F9: =IF('Mapping Template'!$J86=1,F$2,0) -> 0 | G9: =IF('Mapping Template'!$J95=1,G$2,0) -> 0 | H9: =IF('Mapping Template'!$J105=1,H$2,0) -> 0 | I9: =IF('Mapping Template'!$J115=1,I$2,0) -> 0
B10: =IF('Mapping Template'!$J12=1,B$2,0) -> 0 | C10: =IF('Mapping Template'!$J30=1,C$2,0) -> 0 | D10: =IF('Mapping Template'!$J51=1,D$2,0) -> 0 | E10: =IF('Mapping Template'!$J66=1,E$2,0) -> 0 | F10: =IF('Mapping Template'!$J87=1,F$2,0) -> 0 | G10: =IF('Mapping Template'!$J96=1,G$2,0) -> 0 | H10: =IF('Mapping Template'!$J106=1,H$2,0) -> 0 | I10: =IF('Mapping Template'!$J116=1,I$2,0) -> 0
B11: =IF('Mapping Template'!$J13=1,B$2,0) -> 0 | C11: =IF('Mapping Template'!$J31=1,C$2,0) -> 0 | D11: =IF('Mapping Template'!$J52=1,D$2,0) -> 0 | E11: =IF('Mapping Template'!$J67=1,E$2,0) -> 0 | F11: =IF('Mapping Template'!$J88=1,F$2,0) -> 0 | G11: =IF('Mapping Template'!$J97=1,G$2,0) -> 0 | H11: =IF('Mapping Template'!$J107=1,H$2,0) -> 0 | I11: =IF('Mapping Template'!$J117=1,I$2,0) -> 0
B12: =IF('Mapping Template'!$J14=1,B$2,0) -> 0 | C12: =IF('Mapping Template'!$J32=1,C$2,0) -> 0 | D12: =IF('Mapping Template'!$J53=1,D$2,0) -> 0 | E12: =IF('Mapping Template'!$J68=1,E$2,0) -> 0 | G12: =IF('Mapping Template'!$J98=1,G$2,0) -> 0 | H12: =IF('Mapping Template'!$J108=1,H$2,0) -> 0 | I12: =IF('Mapping Template'!$J118=1,I$2,0) -> 0
B13: =IF('Mapping Template'!$J15=1,B$2,0) -> 0 | C13: =IF('Mapping Template'!$J33=1,C$2,0) -> 0 | D13: =IF('Mapping Template'!$J54=1,D$2,0) -> 0 | E13: =IF('Mapping Template'!$J69=1,E$2,0) -> 0 | I13: =IF('Mapping Template'!$J119=1,I$2,0) -> 0
B14: =IF('Mapping Template'!$J16=1,B$2,0) -> 0 | C14: =IF('Mapping Template'!$J34=1,C$2,0) -> 0 | D14: =IF('Mapping Template'!$J55=1,D$2,0) -> 0 | E14: =IF('Mapping Template'!$J70=1,E$2,0) -> 0
B15: =IF('Mapping Template'!$J17=1,B$2,0) -> 0 | C15: =IF('Mapping Template'!$J35=1,C$2,0) -> 0 | D15: =IF('Mapping Template'!$J56=1,D$2,0) -> 0 | E15: =IF('Mapping Template'!$J71=1,E$2,0) -> 0
B16: =IF('Mapping Template'!$J18=1,B$2,0) -> 0 | C16: =IF('Mapping Template'!$J36=1,C$2,0) -> 0 | D16: =IF('Mapping Template'!$J57=1,D$2,0) -> 0 | E16: =IF('Mapping Template'!$J72=1,E$2,0) -> 0
B17: =IF('Mapping Template'!$J19=1,B$2,0) -> 0 | C17: =IF('Mapping Template'!$J37=1,C$2,0) -> 0 | D17: =IF('Mapping Template'!$J58=1,D$2,0) -> 0 | E17: =IF('Mapping Template'!$J73=1,E$2,0) -> 0
B18: =IF('Mapping Template'!$J20=1,B$2,0) -> 0 | C18: =IF('Mapping Template'!$J38=1,C$2,0) -> 0 | E18: =IF('Mapping Template'!$J74=1,E$2,0) -> 0
B19: =IF('Mapping Template'!$J21=1,B$2,0) -> 0 | C19: =IF('Mapping Template'!$J39=1,C$2,0) -> 0 | E19: =IF('Mapping Template'!$J75=1,E$2,0) -> 0
B20: =IF('Mapping Template'!$J22=1,B$2,0) -> 0 | C20: =IF('Mapping Template'!$J40=1,C$2,0) -> 0 | E20: =IF('Mapping Template'!$J76=1,E$2,0) -> 0
C21: =IF('Mapping Template'!$J41=1,C$2,0) -> 0 | E21: =IF('Mapping Template'!$J77=1,E$2,0) -> 0
C22: =IF('Mapping Template'!$J42=1,C$2,0) -> 0 | E22: =IF('Mapping Template'!$J78=1,E$2,0) -> 0
C23: =IF('Mapping Template'!$J43=1,C$2,0) -> 0 | E23: =IF('Mapping Template'!$J79=1,E$2,0) -> 0
